 Dungeon Crawl Stone Soup version 0.29-a0-344-ge2f44be95a (webtiles) character file.

Game seed: 17864358736254537533

22509 siradein the Nimble (level 13, -3/93 HPs)
             Began as a Djinni Conjurer on Apr 22, 2022.
             Was a High Priest of Makhleb.
             Killed from afar by a frost giant (46 damage)
             ... with a bolt of cold
             ... on level 10 of the Dungeon.
             The game lasted 01:14:50 (16326 turns).

siradein the Nimble (Djinni Conjurer)              Turns: 16326, Time: 01:14:52

Health: -3/93      AC: 15    Str:  6    XL:     13   Next: 28%
Gold:   348        EV: 19    Int: 31    God:    Makhleb [*****.] SH:  9 Dex: 19

rFire   + + .      SeeInvis .   t - staff of air
rCold   . . .      Faith    .   j - +3 buckler
rNeg    + . .      Spirit   .   M - +1 robe of Modesty {rC+ rN+ Int+5}
rPois   ∞          Reflect  .   m - +2 hat
rElec   +          Harm     .   v - +4 cloak of the Spheres {Int+2 Slay+5 Stlth-}
rCorr   .          Rampage  .   G - +2 pair of gloves
Will    +....                   (boots unavailable)
Stlth   +++.......              I - amulet of regeneration
HPRegen 1.05/turn               q - ring of wizardry
MPRegen 0.00/turn               Q - +6 ring of dexterity

@: flying, studying Dodging
A: sickness immunity, fire resistance 2, cold vulnerability 1, float, innate
caster, HP casting, extra vitality 1, iridescent scales 1
a: Renounce Religion, Minor Destruction, Lesser Servant of Makhleb, Major
Destruction, Greater Servant of Makhleb


You were on level 10 of the Dungeon.
You worshipped Makhleb.
Makhleb was extremely pleased with you.
You visited 1 branch of the dungeon, and saw 11 of its levels.
You also visited: Ossuary and Bailey.

You collected 725 gold pieces.
You spent 377 gold pieces at shops.

Inventory:

Hand Weapons
 B - a +0 scimitar of flaming
 F - a +0 hand crossbow of flaming
Armour
 j - a +3 buckler (worn)
 m - a +2 hat (worn)
 v - the +4 cloak of the Spheres (worn) {Int+2 Slay+5 Stlth-}
   (You found it on level 3 of the Dungeon)

   Int:       It affects your intelligence (+2).
   Slay:      It affects your accuracy & damage with ranged weapons and melee
   (+5).
   Stlth:     It makes you less stealthy.
 G - a +2 pair of gloves (worn)
 K - a +0 troll leather armour
 M - the +1 robe of Modesty (worn) {rC+ rN+ Int+5}
   (You found it on level 10 of the Dungeon)

   Int:       It affects your intelligence (+5).
   rC:        It protects you from cold.
   rN:        It protects you from negative energy.
Magical Staves
 t - a staff of air (weapon)
 w - a staff of poison
Jewellery
 q - a ring of wizardry (left hand)
 y - a ring of wizardry
 I - an amulet of regeneration (around neck)
 Q - a +6 ring of dexterity (right hand)
Wands
 f - a wand of polymorph (6)
 k - a wand of iceblast (5)
 E - a wand of acid (8)
Scrolls
 d - 4 scrolls of enchant weapon
 g - 2 scrolls of summoning
 n - a scroll of holy word
 o - 4 scrolls of fear
 r - 2 scrolls of brand weapon
 s - 5 scrolls of teleportation
 u - 2 scrolls of blinking
 x - 3 scrolls of noise
 A - 2 scrolls of immolation
 D - a scroll of magic mapping
 L - a scroll of torment
 N - a scroll of enchant armour
 O - a scroll of fog {unknown}
Potions
 a - a potion of invisibility {unknown}
 b - 2 potions of brilliance
 c - 4 potions of curing
 e - 2 potions of berserk rage
 h - 3 potions of ambrosia
 i - 8 potions of heal wounds
 l - 4 potions of mutation
 p - 5 potions of haste
 z - 3 potions of magic {unknown}
 C - 2 potions of lignification
 H - 4 potions of might
 J - a potion of attraction {unknown}


   Skills:
 + Level 8.5 Fighting
 + Level 4.2 Armour
 + Level 11.0 Dodging
 + Level 8.3 Stealth
 + Level 4.2 Shields
 + Level 9.4 Spellcasting
 + Level 5.7 Invocations
 + Level 5.6 Evocations


You couldn't memorise any spells.
You knew the following spells:

 Your Spells              Type           Power      Damage    Failure   Level
a - Fireball              Conj/Fire      32%        3d14      1%          5
b - Searing Ray           Conj           100%       2d8       1%          2
c - Dazzling Flash        Conj/Hex       100%       N/A       1%          3
d - Fulminant Prism       Conj/Hex       32%        3d16      1%          4
e - Iskenderun's Mystic   Conj/Tloc      64%        2d13      1%          4
f - Freeze                Ice            100%       1d11      1%          1
g - Static Discharge      Conj/Air       83%        N/A       1%          2
h - Gell's Gravitas       Tloc           64%        N/A       1%          3
i - Swiftness             Air            83%        N/A       1%          3
j - Metabolic Englaciati  Hex/Ice        32%        N/A       1%          5
k - Magic Dart            Conj           100%       1d8       1%          1
Your spell library was empty.

Dungeon Overview and Level Annotations

Branches:
Dungeon (11/15)            Temple (0/1) D:4            Lair (0/6) D:8
Ossuary (visited)          Bailey (visited)
    Orc: D:9-12

Altars:
Ashenzari
Cheibriados
Gozag
Makhleb
Nemelex Xobeh
Okawaru
Qazlal
Ru
Trog
Vehumet
Wu Jian
Xom
Beogh

Shops:
D:1 *   D:2 !   D:8 !

Annotations:
D:2 1 runed translucent door, Crazy Yiuf


Innate Abilities, Weirdness & Mutations

You are immune to sickness and miasma.
You are immune to poison.
Your flesh is very heat resistant. (rF++)
You are vulnerable to cold. (rC-)
You float through the air rather than walking.
You learn spells naturally, not from books.
Your magical power is your life essence.
You have superior vitality. (+4 MHP)
You are partially covered in iridescent scales. (AC +2)


Message History

Your Dodging skill increases to level 11!
Unknown command.
Unknown command.
Casting: Fireball (dangerous; 1% risk of failure)
Confirm with . or Enter, or press ? or * to list all spells.
Aiming: Fireball (dangerous; 1% risk of failure)
Press: ? - help, Shift-Dir - straight line, f/p - yak
Aim: a yak (severely wounded)
The fireball explodes!
The fireball engulfs the yak!!
You kill the yak!
Makhleb accepts your kill.
You feel better.
Found a trident.
Found a stone staircase leading down.
There is an open door here.
r - 2 scrolls of brand weapon (gained 1) Partly explored, can't reach some places.
Partly explored, can't reach some places.
(D) Dungeon (T) Temple (L) Lair
Where to? (Enter - D:11, ? - help)
What level of the Lair of Beasts? (default 1, ? - help)
You see here a yak corpse.
There is an open door here.
There is a stone staircase leading up here.
You fly upwards.
There is a stone staircase leading down here.
(D) Dungeon (T) Temple (L) Lair
Where to? (Enter - Lair:1, ? - help)
What level of the Lair of Beasts? (default 1, ? - help)
The fireball explodes!
The fireball engulfs the frost giant!!
The frost giant is moderately wounded.
The frost giant shouts!
The frost giant gestures at you while chanting.
The bolt of cold hits you!!!
The fireball explodes!
The fireball engulfs the frost giant!!
The frost giant is heavily wounded.
The fireball explodes!
The fireball engulfs the frost giant!!
The frost giant is severely wounded.
The frost giant gestures at you while chanting.
The bolt of cold hits you!!!
You die...

......# #........................
......# #...........<............
...#..###........................
.........)............)..........
............#############........
............#.....#.....#.#######
######......#.....+.....#.#
............#.>...#.....#.#######
............#.##@##.##..#........
#############.##.##.##..##'######
#...............C....'......#....
#....................#......#....
#.....§§...........[.#<.....#....
#.≈.8.≈§########...###......##...
..≈...§§.....###...###......##...
..≈≈.≈§......#.....#........##...
..≈≈§≈≈......#...................


You could see a frost giant.

Vanquished Creatures
  4 centaur warriors
  Erica (D:9)
  A hydra (D:10)
  3 two-headed ogres
  Nergalle (D:11)
  Pikel (D:4)
  2 deep elf pyromancers (D:10)
  An orc knight (D:10)
  A deep elf zephyrmancer (D:10)
  2 cyclopes (D:11)
  An orc sorcerer (Bailey)
  A manticore (D:11)
  2 gargoyles
  2 unseen horrors
  2 kobold demonologists
  2 komodo dragons (D:10)
  4 trolls
  3 shadows
  A wyvern (D:8)
  11 yaks
  A vampire mosquito (D:10)
  3 wraiths
  2 steam dragons
  Edmund (D:5)
  2 wargs (D:8)
  2 water moccasins
  2 acid dragons
  15 orc warriors
  4 ice beasts
  A hornet zombie (Ossuary)
  2 sky beasts
  5 centaurs
  2 phantoms
  3 lemures
  5 kobold brigands
  A necrophage (D:4)
  4 bullfrogs
  2 wyvern zombies (Ossuary)
  4 scorpions
  A water moccasin zombie (Ossuary)
  9 wights
  5 killer bees
  2 jellies
  3 howler monkeys
  3 electric eels
  A centaur zombie (Ossuary)
  10 bullfrog zombies (Ossuary)
  9 orc priests
  5 hounds
  Natasha (thrice) (D:4)
  3 iguanas
  13 orc wizards
  2 killer bee zombies (Ossuary)
  2 howler monkey zombies (Ossuary)
  17 mummies (Ossuary)
  Robin (D:3)
  7 gnolls
  6 adders
  3 shadow imps
  2 white imps (D:7)
  3 ufetubi
  A worm (D:4)
  3 dart slugs
  44 orcs
  6 bats
  5 endoplasms
  6 giant cockroaches
  10 hobgoblins
  4 jackals
  23 kobolds
  3 quokkas
  5 ball pythons
  6 frilled lizards
  14 goblins
  An orc zombie (D:5)
  5 rats
353 creatures vanquished.

Vanquished Creatures (others)
  Gastronok (D:8)
  133 fulminant prisms
  3 plants (D:1)
  5 withered plants (Ossuary)
142 creatures vanquished.

Grand Total: 495 creatures vanquished

Notes
Turn   | Place    | Note
-------+----------+-------------------------------------------
     0 | D:1      | siradein the Djinni Conjurer began the quest for the Orb.
     0 | D:1      | Reached XP level 1. HP: 15/15 MP: 0/0
   167 | D:1      | Reached XP level 2. HP: 18/21 MP: 0/0
   472 | D:1      | Found a faded altar of an unknown god.
   725 | D:1      | Found Holoph's Assorted Antiques.
   735 | D:1      | Reached XP level 3. HP: 23/25 MP: 0/0
   735 | D:1      | Learned a level 1 spell: Freeze
  1668 | D:2      | Found a runed translucent door.
  1669 | D:2      | Noticed Crazy Yiuf
  1695 | D:2      | Found Xom Rao's Distillery.
  1720 | D:2      | Reached skill level 3 in Dodging
  1720 | D:2      | Reached XP level 4. HP: 19/31 MP: 0/0
  3119 | D:3      | Reached XP level 5. HP: 25/35 MP: 0/0
  3119 | D:3      | Learned a level 2 spell: Static Discharge
  3604 | D:3      | Found a burning altar of Makhleb.
  3659 | D:3      | Became a worshipper of Makhleb the Destroyer
  3867 | D:3      | Noticed Robin
  3870 | D:3      | Killed Robin
  4018 | D:3      | Identified the +4 cloak of the Spheres {Int+2 Slay+5
                  | Stlth-}
  4224 | D:3      | Reached XP level 6. HP: 22/41 MP: 0/0
  4229 | D:3      | Reached skill level 1 in Fighting
  4675 | D:4      | Reached skill level 4 in Dodging
  4876 | D:4      | Reached XP level 7. HP: 34/47 MP: 0/0
  4876 | D:4      | Learned a level 3 spell: Gell's Gravitas
  5078 | D:4      | Noticed Pikel
  5089 | D:4      | Killed Pikel
  5090 | D:4      | Reached skill level 5 in Spellcasting
  5090 | D:4      | Reached XP level 8. HP: 23/55 MP: 0/0
  5324 | D:4      | Found a staircase to the Ecumenical Temple.
  5340 | D:4      | Noticed Natasha
  5344 | D:4      | Killed Natasha
  5345 | D:4      | Reached skill level 5 in Dodging
  5486 | D:4      | Noticed Natasha
  5490 | D:4      | Killed Natasha
  5535 | D:4      | Reached * piety under Makhleb
  5810 | D:4      | Found a staircase to the Ecumenical Temple.
  5830 | D:4      | Noticed Natasha
  5836 | D:4      | Killed Natasha
  6125 | D:5      | Entered Level 5 of the Dungeon
  6397 | D:5      | Found a sand-covered staircase.
  6413 | Ossuary  | Entered an ossuary
  6457 | Ossuary  | Reached XP level 9. HP: 6/62 MP: 0/0
  6457 | Ossuary  | Learned a level 3 spell: Swiftness
  6773 | Ossuary  | Reached skill level 6 in Dodging
  6792 | Ossuary  | Reached skill level 5 in Stealth
  7309 | Ossuary  | Reached ** piety under Makhleb
  7739 | D:5      | Noticed Edmund
  7761 | D:5      | Killed Edmund
  7979 | D:5      | Reached skill level 5 in Fighting
  8359 | D:6      | Reached XP level 10. HP: 69/70 MP: 0/0
  8391 | D:6      | Reached skill level 7 in Dodging
  8858 | D:6      | Reached *** piety under Makhleb
  8968 | D:6      | Noticed a gargoyle
  8974 | D:6      | Killed a gargoyle
  9502 | D:7      | Found a bloodstained altar of Trog.
  9760 | D:7      | Reached skill level 1 in Invocations
  9772 | D:7      | Reached skill level 1 in Evocations
 10118 | D:8      | Reached **** piety under Makhleb
 10153 | D:8      | Found a staircase to the Lair.
 10173 | D:8      | Reached skill level 8 in Dodging
 10191 | D:8      | Found a broken altar of Ashenzari.
 10253 | D:8      | Reached XP level 11. HP: 78/78 MP: 0/0
 10253 | D:8      | Learned a level 5 spell: Metabolic Englaciation
 10378 | D:8      | Found a sparkling altar of Nemelex Xobeh.
 10445 | D:8      | Found Illyteul's Distillery.
 10453 | D:8      | Bought a potion of brilliance for 52 gold pieces
 10453 | D:8      | Bought a potion of lignification for 39 gold pieces
 10453 | D:8      | Bought a potion of haste for 130 gold pieces
 10453 | D:8      | Bought a potion of might for 52 gold pieces
 10453 | D:8      | Bought a potion of flight for 39 gold pieces
 10453 | D:8      | Bought a potion of berserk rage for 65 gold pieces
 10519 | D:8      | Killed Gastronok
 10707 | D:8      | Noticed a two-headed ogre
 10727 | D:8      | Killed a two-headed ogre
 10839 | D:8      | Found a snail-covered altar of Cheibriados.
 10839 | D:8      | Found an ornate altar of the Wu Jian Council.
 10839 | D:8      | Found a stormy altar of Qazlal.
 10857 | D:8      | Found a sacrificial altar of Ru.
 11376 | D:9      | Found an opulent altar of Gozag.
 11504 | D:9      | Noticed Erica
 11520 | D:9      | Killed Erica
 11571 | D:9      | Noticed a centaur warrior
 11727 | D:9      | Killed a centaur warrior
 12498 | D:10     | Entered Level 10 of the Dungeon
 12498 | D:10     | Noticed a two-headed ogre
 12665 | D:10     | Found a shimmering altar of Xom.
 12665 | D:10     | Found a shimmering altar of Xom.
 12666 | D:10     | Found a shimmering altar of Xom.
 12667 | D:10     | Found a shimmering altar of Xom.
 12669 | D:10     | Found a shimmering altar of Xom.
 12669 | D:10     | Found a shimmering altar of Xom.
 12670 | D:10     | Found a shimmering altar of Xom.
 12672 | D:10     | Found a shimmering altar of Xom.
 12917 | D:10     | Found a flagged portal.
 12931 | Bailey   | Entered a bailey
 13026 | Bailey   | Reached skill level 1 in Armour
 13026 | Bailey   | Reached skill level 1 in Shields
 13041 | Bailey   | Noticed an orc sorcerer
 13048 | Bailey   | Killed an orc sorcerer
 13074 | Bailey   | Reached ***** piety under Makhleb
 13075 | Bailey   | Reached XP level 12. HP: 85/85 MP: 0/0
 13107 | Bailey   | Reached skill level 9 in Dodging
 13341 | Bailey   | Found an iron altar of Okawaru.
 13555 | D:10     | Acquired a manual of Dodging
 13618 | D:10     | Found an iron altar of Okawaru.
 13664 | D:10     | Gained mutation: You are partially covered in iridescent
                  | scales. (AC +2) [potion of mutation]
 13690 | D:10     | Killed a two-headed ogre
 13861 | D:10     | Noticed a frost giant
 14489 | D:10     | Noticed a two-headed ogre
 14505 | D:10     | Killed a two-headed ogre
 14509 | D:10     | Identified the +1 robe of Modesty {rC+ rN+ Int+5}
 14652 | D:10     | Noticed a centaur warrior
 14693 | D:10     | Killed a centaur warrior
 14694 | D:10     | Reached skill level 10 in Dodging
 14719 | D:10     | Noticed a four-headed hydra
 14795 | D:10     | Killed a four-headed hydra
 14796 | D:10     | Reached skill level 5 in Invocations
 14809 | D:10     | Noticed a centaur warrior
 14824 | D:10     | Killed a centaur warrior
 14825 | D:10     | Reached skill level 5 in Evocations
 14880 | D:10     | Identified the +0 scale mail "Pewnidah" {Str+7}
 15215 | D:11     | Reached XP level 13. HP: 88/92 MP: 0/0
 15215 | D:11     | Learned a level 5 spell: Fireball
 15496 | D:11     | Noticed Nergalle
 15501 | D:11     | Killed Nergalle
 15734 | D:11     | Noticed a centaur warrior
 15902 | D:11     | Killed a centaur warrior
 16288 | D:11     | Reached skill level 11 in Dodging
 16326 | D:10     | Killed from afar by a frost giant

Illustrated notes

Levels and vault maps discovered:
D:1:      roderic_crop_circles_arrival_small, layout_basic,
          hellmonk_ecumenical_altar_arch_garden, serial_shops, shop,
          minmay_misc_feat_tower
D:2:      layout_basic, serial_shops, nicolae_diamond_shop,
          uniq_crazy_yiuf_cottage
D:3:      layout_loops_ring, lightli_temple_of_fire, serial_park_tiny_1,
          grunt_decor_resistance, minmay_misc_feat_plants,
          minmay_misc_feat_diagonals, kennysheep_orc_chapel, uniq_robin
D:4:      layout_basic, temple_doors_ab, uniq_pikel, uniq_natasha
D:5:      layout_basic, enter_ossuary_3, hex_tiny, uniq_edmund
D:6:      minmay_opposing_rooms, layout_loops_ring,
          minmay_a_box_with_orc_wizards_in_it
D:7:      dreamdust_elfheim, layout_basic, mainiacjoe_overflow_alcove_1,
          kennysheep_generic_room_14
D:8:      layout_loops_ring, grunt_temple_overflow_cloverleaf,
          nicolae_ashenzari_panopticon, minitemple, erik_lair_orcish_takeover,
          serial_shops, shop, lemuel_flamethrower_2, uniq_gastronok
D:9:      layout_stronghold, grunt_gozag_statues, kennysheep_island_fort,
          uniq_erica
D:10:     minmay_the_grid_3x3 [minmay_the_grid_doors, minmay_the_grid_eight,
          minmay_the_grid_medium_cups, minmay_the_grid_slots,
          minmay_the_grid_armoury, minmay_the_grid_tri_star,
          minmay_the_grid_paths, minmay_the_grid_holed_spiral,
          minmay_the_grid_prize_big_room], layout_stronghold,
          mainiacjoe_overflow_catwalk, xom_redecorated, enter_bailey_7
D:11:     minmay_wavy_crystal, layout_loops_corners, minmay_misc_feat_iff,
          uniq_nergalle

Skill      XL: |  1  2  3  4  5  6  7  8  9 10 11 12 13 |
---------------+----------------------------------------+-----
Stealth        | 2 3 4 5 6 7 8 |  8.3
Dodging        | 3 4 5 6 8 10 11 | 11.0
Spellcasting   | 4 5 6 7 8 9 |  9.4
Fighting       | 1 2 3 5 6 7 8 |  8.5
Invocations    | 1 4 5 |  5.7
Evocations     | 1 4 5 |  5.6
Armour         | 1 3 4 |  4.2
Shields        | 1 3 4 |  4.2

Action                   |  1- 3 |  4- 6 |  7- 9 | 10-12 | 13-15 || total
-------------------------+-------+-------+-------+-------+-------++-------
Melee: Trident           |       |       |    55 |       |       ||    55
       Punch             |       |       |     1 |       |       ||     1
       Scimitar          |       |       |       |     2 |       ||     2
 Cast: Magic Dart        |    64 |    96 |    91 |   204 |       ||   455
       Searing Ray       |     1 |    10 |    34 |    51 |       ||    96
       Gell's Gravitas   |       |       |     3 |       |       ||     3
       Iskenderun's Myst |       |       |    26 |    64 |       ||    90
       Fulminant Prism   |       |       |     3 |   118 |    12 ||   133
       Metabolic Englaci |       |       |       |     9 |     1 ||    10
       Swiftness         |       |       |       |     1 |       ||     1
       Fireball          |       |       |       |       |    19 ||    19
       Static Discharge  |       |       |       |       |     9 ||     9
  Use: Scroll            |       |     3 |     7 |    12 |     3 ||    25
       Potion            |       |       |       |     1 |       ||     1
Armor: Robe              |     1 |     9 |    30 |    16 |     5 ||    61
       Leather armour    |       |       |     1 |    24 |       ||    25
Dodge: Dodged            |     5 |    30 |    82 |    58 |     7 ||   182
Block: Buckler           |       |       |    18 |    24 |     9 ||    51

Table legend: (Time is in decaauts)
 A = Elapsed time spent in this place.
 B = Non-inter-level travel time spent in this place.
 C = Inter-level travel time spent in this place.
 D = Time resting spent in this place.
 E = Time spent auto-exploring this place.
 F = Levels seen in this place.
 G = Mean time per level.
                   A        B        C        D        E       F      G
               +--------+--------+--------+--------+--------+-----+--------+
         Total |  16378 |  15824 |    554 |    893 |  11569 |  13 | 1259.8 |
       Dungeon |  14436 |  13882 |    554 |    493 |  10590 |  11 | 1312.4 |
       Ossuary |   1321 |   1321 |      0 |    400 |    657 |   1 | 1321.0 |
        Bailey |    620 |    620 |      0 |      0 |    322 |   1 |  620.0 |
               +--------+--------+--------+--------+--------+-----+--------+

Top non-repeatable levels by time:
    D:10: 1932 daAuts
     D:3: 1814 daAuts
     D:1: 1623 daAuts
     D:9: 1570 daAuts
     D:4: 1513 daAuts
 Ossuary: 1321 daAuts
     D:2: 1176 daAuts
    D:11: 1120 daAuts
     D:8: 1052 daAuts
     D:7: 929 daAuts
     D:5: 875 daAuts
     D:6: 828 daAuts
  Bailey: 620 daAuts
